 Dungeon Crawl Stone Soup version 0.31-a0-841-g038b102fc3 (webtiles) character file.

Game seed: 11891028456709572374

2028 mcwallace the Nimble (level 9, -1/46 HPs)
             Began as a Spriggan Shapeshifter on Sept 28, 2023.
             Slain by a wyvern (16 damage)
             ... on level 6 of the Dungeon.
             The game lasted 00:10:20 (6062 turns).

mcwallace the Nimble (Spriggan Shapeshifter)        Turns: 6062, Time: 00:10:21

Health: -1/46      AC:  4    Str: 18    XL:     9   Next: 3%
Magic:  10/10      EV: 22    Int: 14    God:
Gold:   212        SH:  0    Dex: 16    Spells: 8/8 levels left

rFire   . . .        B - +5 dagger of the Terrible God {speed, rElec rPois rN+ Int+2, short}
rCold   + . .        (no shield)
rNeg    + + .        P - +2 robe {rC+}
rPois   +            (helmet currently unavailable)
rElec   +            (cloak currently unavailable)
rCorr   .            (gloves unavailable)
SInv    +            (boots unavailable)
Will    +....        U - amulet of regeneration {@e2}
Stlth   +            n - ring of positive energy
HPRegen 1.07/turn    z - +6 ring of strength
MPRegen 0.12/turn

%: no passive effects
@: beast-form, very quick
A: beast (slay +4), very small, no large weapons, unfitting armour, see
invisible, speed 3
a: Begin Untransformation


You were on level 6 of the Dungeon.
You were a hulking beast.
You visited 1 branch of the dungeon, and saw 6 of its levels.
You also visited: Sewer.

You collected 268 gold pieces.
You spent 56 gold pieces at shops.


Innate Abilities, Weirdness & Mutations

You are a hulking beast.
Your limbs bulge with bestial killing power. (Slay +4)
You are very small and have problems with some larger weapons.
You are too small for most types of armour.
You have supernaturally acute eyesight. (SInv)
You cover ground extremely quickly. (Speed+++)


   Skills:
 + Level 4.9 Fighting
 + Level 8.2 Dodging
 + Level 5.5 Unarmed Combat
 + Level 8.1 Shapeshifting


You had 8 spell levels left.
You didn't know any spells.
Your spell library was empty.

Inventory:

Hand Weapons
 e - a +0 sling
   (You found it on level 1 of the Dungeon)
 f - a +0 dagger {short}
   (You took it off a kobold on level 1 of the Dungeon)
 h - a +0 spear {polearm}
   (You found it on level 1 of the Dungeon)
 A - a +0 short sword {short}
   (You took it off a kobold on level 2 of the Dungeon)
 B - the +5 dagger of the Terrible God (weapon) {speed, rElec rPois rN+ Int+2, short}
   (You took it off a kobold on level 2 of the Dungeon)

   Int+2:     It affects your intelligence (+2).
   rElec:     It insulates you from electricity.
   rPois:     It protects you from poison rN+: It protects you from negative
   energy.
Missiles
 g - 63 stones {throwing}
 k - 5 poisoned darts {throwing}
 L - a throwing net {=f!fthrowing}
Armour
 a - a +0 animal skin
 l - a +0 robe
   (You took it off Jeremiah on level 6 of the Dungeon)
 J - a +0 cloak
   (You found it on level 3 of the Dungeon)
 P - a +2 robe of cold resistance (worn)
   (You took it off Sigmund on level 5 of the Dungeon)
 Y - a +0 helmet
   (You found it on level 5 of the Dungeon)
Jewellery
 n - a ring of positive energy (left hand)
   (You found it on level 1 of the Dungeon)
 w - a ring of fire
   (You found it on level 6 of the Dungeon)
 z - a +6 ring of strength (right hand)
   (You found it on level 2 of the Dungeon)
 U - an amulet of regeneration (around neck) {@e2}
   (You found it on level 4 of the Dungeon)
Talismans
 c - a beast talisman (active)
 d - a flux talisman
Wands
 s - a wand of iceblast (7)
   (You took it off Jeremiah on level 6 of the Dungeon)
 Q - a wand of quicksilver (3)
   (You found it on level 3 of the Dungeon)
 Z - a wand of polymorph (12)
   (You took it off Ijyb on level 5 of the Dungeon)
Scrolls
 j - a scroll of torment {unknown}
 m - a scroll of enchant armour {unknown}
 r - 2 scrolls of immolation {!r!r}
 t - a scroll of summoning {unknown}
 u - 5 scrolls of vulnerability {!r!r}
 E - a scroll of brand weapon {unknown}
 H - a scroll of fear {unknown}
 I - a scroll of blinking {!r}
 N - a scroll of fog {unknown}
 O - a scroll of teleportation {unknown}
 V - a scroll of silence {unknown}
 X - a scroll of amnesia {unknown}
Potions
 b - 2 potions of lignification {!q}
 i - a potion of degeneration {unknown}
 o - 6 potions of curing {@q1}
 p - a potion of berserk rage {unknown}
 q - a potion of attraction {!q}
 v - a potion of resistance {unknown}
 D - a potion of magic {unknown}
 F - 4 potions of enlightenment
 G - 2 potions of brilliance {unknown}
 K - 2 potions of ambrosia {unknown}
 R - 2 potions of haste {unknown}
 T - a potion of cancellation {unknown}
 W - 2 potions of invisibility {unknown}

Dungeon Overview and Level Annotations

Branches:
Dungeon (6/15) Zot: 26775   Sewer (visited)
 Temple: D:4-7

Altars:
Wu Jian

Shops:
D:5 ?*

Annotations:
D:5 1 runed translucent door, Zxelo's ghost, amateur MiCK

.# #. .# #. .# #.
.# # #. .# #.. #.
#. .#
#..[#..#.#####.#.#
#.#.#.......hl...#
#...#+###.####..##
#...............#
#.......#...#####
#.......###.....
#.......# #####
#.......#
#.......#
#.......#


You could see a wyvern.


Message History

😕 HP[-3]
You take 3 damage, and now have 43/46 hp.
An iguana is nearby!
You hit the iguana. 😕 HP[+1]
You hit the iguana but do no damage. The iguana bites you! 😮 HP[-11]
You take 11 damage, and now have 33/46 hp.
MASSIVE DAMAGE!! (PAUSE)
You are too injured to fight recklessly!
An iguana is nearby!
You are too injured to fight recklessly!
An iguana is nearby!
You are too injured to fight recklessly!
An iguana is nearby!
You are too injured to fight recklessly!
An iguana is nearby!
You are too injured to fight recklessly!
An iguana is nearby!
You are too injured to fight recklessly!
An iguana is nearby!
You are too injured to fight recklessly!
An iguana is nearby!
You are too injured to fight recklessly!
Unknown command.
You hit the iguana.
You kill the iguana! 😮 HP[+1]
w - a ring of fire 😎 HP[+12]
Your hp is fully restored (46).
Key pressed, stopping explore.
Found a stone staircase leading up.
W - 2 bubbling pink potions (gained 1)
A bat comes into view.
A bat is nearby!
A bat is nearby!
A bat comes into view. 2 bats come into view.
You hit the bat.
You kill the bat! 2 bats come into view.
The bat hits you but does no damage. The bat misses you.
You hit the bat.
You kill the bat!
The bat completely misses you. The bat misses you.
You hit the bat.
You kill the bat!
The bat closely misses you. The bat completely misses you.
You puncture the bat!
You kill the bat!
The bat completely misses you.
You barely miss the bat. The bat closely misses you. x2
You hit the bat.
You kill the bat!
The bat misses you.
You puncture the bat!
You kill the bat!
No target in view!
No target in view!
No target in view!
Items here: ††††.
Found a glowing plate armour.
g - 63 stones {throwing} (gained 2)
A wyvern comes into view.
A wyvern is nearby!
A wyvern is nearby!
The wyvern completely misses you.
You barely miss the wyvern. The wyvern bites you! 😮 HP[-16]
You take 16 damage, and now have 30/46 hp.
MASSIVE DAMAGE!! (PAUSE)
You are too injured to fight recklessly!
You are too injured to fight recklessly!
You are too injured to fight recklessly!
You closely miss the wyvern. The wyvern barely misses you. 😮 HP[+1]
You hit the wyvern but do no damage.
The wyvern completely misses you. 😮 HP[+1]
You hit the wyvern but do no damage.
The wyvern completely misses you. 😮 HP[+1]
You hit the wyvern. The wyvern barely misses you.
You closely miss the wyvern. Your punch misses the wyvern.
The wyvern barely misses you. 😮 HP[+1]
You hit the wyvern. The wyvern bites you. 😮 HP[-2]
You take 2 damage, and now have 32/46 hp.
You hit the wyvern. The wyvern completely misses you.
You puncture the wyvern! You punch the wyvern. The wyvern bites you!
* * * LOW HITPOINT WARNING * * *
😨 HP[-10]
You take 10 damage, and now have 22/46 hp.
MASSIVE DAMAGE!! (PAUSE)
You hit the wyvern. The wyvern bites you!
* * * LOW HITPOINT WARNING * * *
😨 HP[-8]
You take 8 damage, and now have 14/46 hp.
You hit the wyvern. The wyvern bites you!
You die...

Skill      XL: |  1  2  3  4  5  6  7  8 |
---------------+-------------------------+-----
Fighting       | 1 2 3 4 |  4.9
Dodging        | 3 4 5 6 8 |  8.2
Unarmed Combat | 3 4 5 |  5.5
Shapeshifting  | 5 6 7 8 |  8.1

Action                     |  1- 3 |  4- 6 |  7- 9 || total
---------------------------+-------+-------+-------++-------
  Melee: Unarmed           |    97 |       |       ||    97
         Punch             |     5 |     2 |     8 ||    15
         Dagger            |    30 |    95 |   259 ||   384
  Evoke: Wand              |       |       |     3 ||     3
    Use: Scroll            |       |       |     6 ||     6
   Stab: Sleeping          |     1 |     2 |     4 ||     7
 Armour: Animal skin       |    42 |    19 |    18 ||    79
         Robe              |       |       |    32 ||    32
  Dodge: Dodged            |   123 |    45 |   159 ||   327

Levels and vault maps discovered:
D:1:      dpeg_arrival_refuge, layout_loops_ring
D:2:      layout_rooms, shapermc_ecumenical_altar_totnotflames, basic_altar
D:3:      layout_basic, uniq_grinder
D:4:      layout_basic, uniq_eustachio
D:5:      layout_loops_cross, serial_shops, shop_coins, portal_sewer_entry_c,
          ebering_ghost_sewer_d, chequers_serial_rivers_marsh,
          chequers_serial_rivers_large_a, kennysheep_windowed_goal,
          uniq_sigmund, uniq_ijyb, uniq_blork_the_orc
D:6:      layout_basic, mainiacjoe_overflow_cross_hatched, hex_large,
          minmay_splitting_lines, roderic_batcave, uniq_jeremiah

Notes
Turn   | Place    | Note
-------+----------+-------------------------------------------
     0 | D:1      | mcwallace the Spriggan Shapeshifter began the quest for the
                  | Orb.
     0 | D:1      | Reached XP level 1. HP: 9/9 MP: 2/2
     0 | D:1      | magus.rc [v1.9.6]
   107 | D:1      | Reached skill level 1 in Fighting
   169 | D:1      | Reached skill level 3 in Dodging
   196 | D:1      | Reached XP level 2. HP: 14/14 MP: 3/3
   815 | D:2      | Reached XP level 3. HP: 16/18 MP: 4/4
   823 | D:2      | HP: 4/18 [poisoned by a kobold]
   953 | D:2      | Found an ornate altar of the Wu Jian Council.
  1270 | D:2      | Identified the +5 dagger of the Terrible God {speed, rElec
                  | rPois rN+ Int+2}
  1355 | D:2      | Found a faded altar of an unknown god.
  1962 | D:3      | Noticed Grinder
  1965 | D:3      | Reached XP level 4. HP: 22/22 MP: 5/5
  2005 | D:3      | Paralysed by Grinder for 4 turns
  2022 | D:3      | Killed Grinder
  2023 | D:3      | Reached skill level 2 in Fighting
  2023 | D:3      | Reached skill level 4 in Dodging
  2023 | D:3      | Reached skill level 3 in Unarmed Combat
  2023 | D:3      | Reached skill level 5 in Shapeshifting
  2023 | D:3      | Reached XP level 5. HP: 13/27 MP: 6/6
  2023 | D:3      | Reached XP level 6. HP: 16/32 MP: 7/7
  2486 | D:3      | Reached skill level 5 in Dodging
  3036 | D:4      | Noticed a water moccasin
  3048 | D:4      | Killed a water moccasin
  3194 | D:4      | Noticed Eustachio
  3218 | D:4      | Killed Eustachio
  3219 | D:4      | Reached skill level 3 in Fighting
  3219 | D:4      | Reached skill level 4 in Unarmed Combat
  3219 | D:4      | Reached skill level 6 in Shapeshifting
  3219 | D:4      | Reached XP level 7. HP: 24/36 MP: 8/8
  3706 | D:5      | Entered Level 5 of the Dungeon
  3717 | D:5      | Reached skill level 6 in Dodging
  3867 | D:5      | Noticed Ijyb
  3895 | D:5      | Killed Ijyb
  3899 | D:5      | Noticed Blork the orc
  3918 | D:5      | Found a glowing drain.
  3942 | Sewer    | Entered a sewer
  4424 | D:5      | Found a runed translucent door.
  4430 | D:5      | Noticed Zxelo's ghost (amateur MiCK)
  4454 | D:5      | Noticed Sigmund
  4474 | D:5      | Killed Sigmund
  4475 | D:5      | Reached skill level 7 in Shapeshifting
  4475 | D:5      | Reached XP level 8. HP: 42/42 MP: 9/9
  4581 | D:5      | Killed Blork the orc
  4582 | D:5      | Reached skill level 4 in Fighting
  4582 | D:5      | Reached skill level 7 in Dodging
  4771 | D:5      | Found Iliem's Magic Scroll Shop.
  4793 | D:5      | HP: 8/42 [orc warrior/+2 heavy battleaxe (21)]
  5031 | D:5      | Reached skill level 5 in Unarmed Combat
  5085 | D:5      | Found Rucituh's General Store.
  5450 | D:5      | Bought a scroll of identify for 28 gold pieces
  5450 | D:5      | Bought a scroll of identify for 28 gold pieces
  5843 | D:6      | Noticed Jeremiah
  5853 | D:6      | Killed Jeremiah
  5854 | D:6      | Reached skill level 8 in Dodging
  5854 | D:6      | Reached skill level 8 in Shapeshifting
  5854 | D:6      | Reached XP level 9. HP: 37/46 MP: 10/10
  6062 | D:6      | Slain by a wyvern

Vanquished Creatures
  Jeremiah (D:6)
  Grinder (D:3)
  Sigmund (D:5)
  Eustachio (D:4)
  A water moccasin (D:4)
  An ice beast (D:6)
  An orc warrior (D:5)
  A black bear (D:5)
  An ogre (D:5)
  Blork the orc (D:5)
  2 scorpions
  2 hounds
  3 jellies
  A sleepcap (D:5)
  4 iguanas
  Ijyb (D:5)
  2 orc wizards (D:3)
  12 adders
  2 river rats (Sewer)
  A shadow imp (D:6)
  2 white imps
  An ufetubus (D:4)
  3 worms
  6 dart slugs
  9 orcs
  6 endoplasms
  3 giant cockroaches
  2 goblins
  3 hobgoblins
  4 jackals
  12 kobolds
  7 quokkas
  5 ball pythons
  12 bats
  9 frilled lizards
  15 rats
139 creatures vanquished.

Table legend:
 A = Non-vault XP
 B = Vault XP
 C = Vault XP percentage of total XP
 D = Non-vault monster count
 E = Vault monster count
 F = Vault count percentage of total count
                 A         B        C        D         E       F
            +---------+---------+-------+---------+---------+-------
      Total |    1402 |    1496 |  51.6 |     101 |      38 |  27.3
            +---------+---------+-------+---------+---------+-------
        D:1 |      33 |       0 |   0.0 |      19 |       0 |   0.0
        D:2 |      53 |       0 |   0.0 |      23 |       0 |   0.0
        D:3 |     122 |     286 |  70.1 |      18 |       1 |   5.3
        D:4 |     287 |     197 |  40.7 |      16 |       1 |   5.9
        D:5 |     551 |     533 |  49.2 |      18 |      11 |  37.9
        D:6 |     356 |     375 |  51.3 |       7 |       7 |  50.0
      Sewer |       0 |     105 | 100.0 |       0 |      18 | 100.0
            +---------+---------+-------+---------+---------+-------

Skill      XL: |  1  2  3  4  5  6  7  8 |
---------------+-------------------------+-----
Fighting       | 1 2 3 4 |  4.9
Dodging        | 3 4 5 6 8 |  8.2
Unarmed Combat | 3 4 5 |  5.5
Shapeshifting  | 5 6 7 8 |  8.1

Action                     |  1- 3 |  4- 6 |  7- 9 || total
---------------------------+-------+-------+-------++-------
  Melee: Unarmed           |    97 |       |       ||    97
         Punch             |     5 |     2 |     8 ||    15
         Dagger            |    30 |    95 |   259 ||   384
  Evoke: Wand              |       |       |     3 ||     3
    Use: Scroll            |       |       |     6 ||     6
   Stab: Sleeping          |     1 |     2 |     4 ||     7
 Armour: Animal skin       |    42 |    19 |    18 ||    79
         Robe              |       |       |    32 ||    32
  Dodge: Dodged            |   123 |    45 |   159 ||   327

Illustrated notes

Table legend:
 A = Kills in this place as a percentage of kills in the entire game.
 B = Kills by you in this place as a percentage of kills by you in the entire game.
 C = Kills by friends in this place as a percentage of kills by friends in the entire game.
 D = Other kills in this place as a percentage of other kills in the entire game.
 E = Experience gained in this place as a percentage of experience gained in the entire game.
 F = Experience gained in this place divided by the number of levels of this place that you have seen.
                   A       B       C       D       E      F
               +-------+-------+-------+-------+-------+----------------------
         Total | 100.0 | 100.0 |   N/A |   N/A | 100.0 | 414.0
       Dungeon |  87.1 |  87.1 |   N/A |   N/A |  96.4 | 465.5
         Sewer |  12.9 |  12.9 |   N/A |   N/A |   3.6 | 105.0
               +-------+-------+-------+-------+-------+----------------------

Table legend: (Time is in decaauts)
 A = Elapsed time spent in this place.
 B = Non-inter-level travel time spent in this place.
 C = Inter-level travel time spent in this place.
 D = Time resting spent in this place.
 E = Time spent auto-exploring this place.
 F = Levels seen in this place.
 G = Mean time per level.
                   A        B        C        D        E       F      G
               +--------+--------+--------+--------+--------+-----+--------+
         Total |   4218 |   4050 |    168 |    338 |   2826 |   7 |  602.6 |
       Dungeon |   3855 |   3687 |    168 |    338 |   2602 |   6 |  642.5 |
         Sewer |    363 |    363 |      0 |      0 |    223 |   1 |  363.0 |
               +--------+--------+--------+--------+--------+-----+--------+

Top non-repeatable levels by time:
     D:5: 903 daAuts
     D:4: 860 daAuts
     D:3: 671 daAuts
     D:1: 657 daAuts
     D:2: 539 daAuts
   Sewer: 363 daAuts
     D:6: 223 daAuts
